Tolliver Groat, neutral female gnomish Tourist ----- |...| +...| |..<| |....# --+--# # ### # ########### # --+-- ###|}}}..#### ##@}}..| # |;}}?| ## ----- Tolliver Groat the Sightseer Experience level: 4 Strength: 15 Dexterity: 11 Constitution: 15 Intelligence: 13 Wisdom: 8 Charisma: 13 Health: 0(30) Energy: 18(18) Def: 0 Gold: 1603 Moves: 1549 Dungeon seed: 4gB8zUmLzDDxQKg2 Game ID: Tolliver Groat_1529571181 Your Inventory: Coins $ - 1603 gold pieces Weapons a - 36 uncursed +2 darts (in quiver) p - a blessed +2 aklys named Club of Bloodlust (weapon in hand) v - a blessed +2 dagger D - a blessed +1 silver dagger Armor m - an uncursed +0 Hawaiian shirt (being worn) Comestibles b - 2 uncursed eggs c - 3 uncursed melons f - 2 uncursed tins of newt meat g - 5 uncursed food rations h - 2 uncursed tripe rations u - an uncursed eucalyptus leaf B - an uncursed tin of jackal meat Scrolls k - 4 uncursed scrolls of magic mapping A - an uncursed scroll of taming E - an uncursed scroll of scare monster Spellbooks w - an uncursed spellbook of magic missile Potions r - an uncursed potion of oil s - an uncursed potion of see invisible z - an uncursed potion of hallucination Wands l - an uncursed wand of secret door detection (0:14) t - an uncursed wand of speed monster (0:6) Tools e - an uncursed credit card n - an uncursed expensive camera (0:76) o - an uncursed leash Spells and supernatural/magical abilities: Name Level Category Fail Memory m - magic missile 2 attack 95% 96% W - pray for help -- divine ? -- Your skills at the end: Miscellaneous Skills wands [Basic] stealth [Basic] Weapon Skills club [Basic] dart [Basic] Spellcasting Skills Final Attributes: You were devoutly aligned. Your writing hand was ok. You had infravision. You were very stealthy. You are dead. Vanquished creatures: an elf zombie 2 giant ants a homunculus an iguana 3 hill orcs 2 gas spores 3 hobbits an acid blob a hobgoblin 2 cave spiders 7 jackals 5 newts a goblin a sewer rat 2 grid bugs 4 lichens a kobold zombie 38 creatures vanquished. Voluntary challenges: You did not adorn yourself with jewelry or accessories. You did not cause conflict. You were not invisible. You did not have reflection. You were not displaced. You were an atheist. You used a wielded weapon 43 times, starting on turn 33. You did not apply a unicorn horn. You did not use plumbed fixtures. You read items or engraved 2 times, starting on turn 689. You never genocided any monsters. You never polymorphed an object. You never changed form. You used no wishes. You never split a pudding. You never wrote Elbereth's name. You never violated your personal moral code. Dungeon overview: The Dungeons of Doom: levels 1 to 6 Level 1 a long staircase Level 2 a long staircase Level 3 Level 4 a fountain Level 5 a fountain Level 6 <- You were here History has recorded: On T:1 you entered the Dungeons of Doom to retrieve the Amulet of Yendor! On T:410 you reached level 2 of The Dungeons of Doom. On T:585 you advanced to experience level 2. On T:681 you reached level 3 of The Dungeons of Doom. On T:867 you advanced to experience level 3. On T:912 you reached level 4 of The Dungeons of Doom. On T:1218 you reached level 5 of The Dungeons of Doom. On T:1236 you advanced to experience level 4. On T:1526 you reached level 6 of The Dungeons of Doom. Score breakdown: Gold: 624 ( 62 points) Experience: 4 levels ( 300 points) Exploration: 6 levels ( 150 points) Discoveries: 7 items ( 350 points) Variety of kills: 17 monsters ( 850 points) Major goal: (nothing yet) ( 0 points) Survival: died (score multiplied by 3) Total score: 5136 Latest messages: You displace Coco. You hear the splashing of a naiad. You displace Coco. You finish searching. You displace Coco. You see here 9 rocks. You displace Coco. You kill the acid blob! You are splashed by something's acid! You see here a statue of an orc zombie. $ - 10 gold pieces. You see here a statue of an orc zombie. You finish searching. $ - 81 gold pieces. You displace Coco. You hit the piranha! The piranha bites! (2x) You hit the piranha! The piranha bites! (2x) You stop. Coco is in the way! The piranha bites! (2x) You die... Final status: Aloha Tolliver Groat the Tourist, killed by a piranha... You died in The Dungeons of Doom on dungeon level 6 with 5136 points, and 1603 pieces of gold, after 1549 moves. You were level 4 with a maximum of 30 hit points when you died.